 Dungeon Crawl Stone Soup version 0.31-a0-180-g519b7de00c (webtiles) character file.

Game seed: 17669752173036651298

53 qw the Shooter (level 3, -1/32 HPs)
             Began as a Naga Hunter on June 19, 2023.
             Slain by a phantom (4 damage)
             ... on level 4 of the Dungeon.
             The game lasted 00:00:23 (1142 turns).

qw the Shooter (Naga Hunter)                        Turns: 1142, Time: 00:00:24

Health: -1/32      AC:  2    Str: 13    XL:     3   Next: 89%
Magic:  3/3        EV:  9    Int:  9    God:
Gold:   86         SH:  0    Dex: 16    Spells: 2/2 levels left

rFire   . . .        Y - +0 shortbow
rCold   . . .        (shield currently unavailable)
rNeg    . . .        c - +0 leather armour
rPois   +            (no helmet)
rElec   .            (no cloak)
rCorr   .            (no gloves)
SInv    +            (no barding)
Will    .....        (no amulet)
Stlth   ++           (no ring)
HPRegen 0.25/turn    (no ring)
MPRegen 0.08/turn

%: no passive effects
@: about to teleport, short of breath, very slow
A: AC +1, large, see invisible, deformed body, poison resistance, slowness 2,
spit poison 1, naga tail 1
a: Spit Poison


You were on level 4 of the Dungeon.
You visited 1 branch of the dungeon, and saw 3 of its levels.

You collected 86 gold pieces.


Innate Abilities, Weirdness & Mutations

Your serpentine skin is tough. (AC +1)
You have supernaturally acute eyesight. (SInv)
Armour fits poorly on your strangely shaped body.
Your system is resistant to poisons. (rPois)
You cover ground very slowly.
You can spit poison.
You have a snake-like lower body.


   Skills:
 - Level 2.0 Fighting
 + Level 4.9 Ranged Weapons
 - Level 1.5 Dodging
 - Level 1.5 Stealth


You had 2 spell levels left.
You didn't know any spells.
Your spell library was empty.

Inventory:

Hand Weapons
 Y - a +0 shortbow (weapon)
Armour
 c - a +0 leather armour (worn)
Scrolls
 b - a scroll of enchant weapon {unknown}
 g - a scroll of immolation {unknown}
Potions
 d - a potion of ambrosia {unknown}
 e - a potion of curing {unknown}
 f - a potion of attraction {unknown}

Dungeon Overview and Level Annotations

Branches:
Dungeon (2/15)

Altars:


Message History

The phantom hits you.
The phantom hits you but does no damage.
You shoot an arrow. The arrow hits the phantom!
The phantom is heavily damaged.
The phantom barely misses you.
You shoot an arrow. The arrow barely misses the phantom.
The phantom hits you.
The phantom blinks!
You blink.
Enter note: You shoot an arrow.
The arrow misses the phantom.
The phantom barely misses you.
You shoot an arrow. The arrow barely misses the phantom.
The phantom hits you.
You shoot an arrow. The arrow barely misses the phantom.
The phantom hits you!
The phantom blinks!
You blink.
The phantom barely misses you.
You shoot an arrow. The arrow closely misses the phantom.
The phantom hits you but does no damage.
You shoot an arrow.
The arrow hits the phantom but does no damage.
The phantom is heavily damaged.
The phantom hits you.
The phantom blinks!
You blink.
Enter note: You shoot an arrow.
The arrow barely misses the phantom.
The phantom hits you.
The phantom blinks!
You blink.
An iguana comes into view.
Enter note: You shoot an arrow.
The arrow closely misses the phantom.
The phantom barely misses you.
An adder comes into view.
The phantom hits you.
The phantom blinks!
You blink.
1141 ||| READING scroll of teleportation.
As you read the scroll of teleportation, it crumbles to dust.
You feel strangely unstable. The adder bites you.
The phantom barely misses you.
1142 ||| INVOKING Spit Poison.
Aiming: Spit Poison (2% risk of failure)
Press: ? - help, Shift-Dir - straight line, f - adder, p - phantom The splash of poison misses the adder.
The adder bites you. The phantom hits you.
You die...

.###..########. #
#.........#..... .#
.. #...#....... ...
.#.# #....#.....
..l ...#
##.##.#..... . ..
#.. #)....###.#.
.....##.#
#..>...##...
.....#W.##
#....#.###..
......S@.#
#....#..##..
.....#.#.##
#....##..##. ....
#.#..######.###..#.
... #.#....####..#
#.#. ##
#.###.....##.###.#.
#.# ##.##..........
#.# #..####...#...
#.# ##.# ###.#...
.....##.######.....


You could see a phantom and an adder.

Vanquished Creatures
  2 adders (D:4)
  A dart slug (D:1)
  2 bats
  An endoplasm (D:1)
  A giant cockroach (D:1)
  4 goblins
  4 hobgoblins (D:1)
  5 kobolds
  2 quokkas (D:1)
  6 ball pythons
  2 frilled lizards (D:1)
  4 rats (D:1)
34 creatures vanquished.

Notes
Turn   | Place    | Note
-------+----------+-------------------------------------------
     0 | D:1      | qw the Naga Hunter began the quest for the Orb.
     0 | D:1      | Reached XP level 1. HP: 19/19 MP: 1/1
     0 | D:1      | 0 ||| qw: Version: 0.3-a-7-ge0c9b40
     0 | D:1      | 0 ||| qw: Game counter: 1104
     0 | D:1      | 0 ||| qw: Always use a shield: true
     0 | D:1      | 0 ||| qw: God list: Okawaru
     0 | D:1      | 0 ||| qw: Allow faded altars: false
     0 | D:1      | 0 ||| qw: Do Orc after D:15 true
     0 | D:1      | 0 ||| qw: Do second Lair branch before Depths: true
     0 | D:1      | 0 ||| qw: Lair rune preference: random
     0 | D:1      | 0 ||| qw: Plans: Normal
     0 | D:1      | 0 ||| PLANNING D:1-11
    27 | D:1      | 27 ||| INVOKING Spit Poison.
    86 | D:1      | 86 ||| INVOKING Spit Poison.
   148 | D:1      | 148 ||| INVOKING Spit Poison.
   149 | D:1      | Reached skill level 4 in Ranged Weapons
   149 | D:1      | Reached XP level 2. HP: 26/26 MP: 2/2
   177 | D:1      | 177 ||| INVOKING Spit Poison.
   196 | D:1      | 196 ||| INVOKING Spit Poison.
   204 | D:1      | 204 ||| INVOKING Spit Poison.
   271 | D:1      | 271 ||| INVOKING Spit Poison.
   283 | D:1      | 283 ||| INVOKING Spit Poison.
   328 | D:1      | 328 ||| INVOKING Spit Poison.
   359 | D:1      | 359 ||| INVOKING Spit Poison.
   363 | D:1      | 363 ||| INVOKING Spit Poison.
   368 | D:1      | Reached XP level 3. HP: 16/32 MP: 3/3
   368 | D:1      | 368 ||| INVOKING Spit Poison.
   464 | D:1      | 464 ||| INVOKING Spit Poison.
   524 | D:1      | 524 ||| INVOKING Spit Poison.
   652 | D:1      | 652 ||| INVOKING Spit Poison.
   965 | D:1      | 965 ||| READING 2 scrolls labelled INOOL MASTYI.
   968 | D:1      | 968 ||| READING scroll labelled LOIPAUNGOC.
   969 | D:1      | 969 ||| READING 2 scrolls labelled COTAFF GOOTZ.
   970 | D:1      | 970 ||| DROPPING scroll of butterflies.
   971 | D:1      | 971 ||| DROPPING scroll of revelation.
   986 | D:2      | 986 ||| INVOKING Spit Poison.
  1019 | D:2      | You fall into a shaft and drop 2 floors!
  1027 | D:4      | 1027 ||| INVOKING Spit Poison.
  1033 | D:4      | 1033 ||| INVOKING Spit Poison.
  1053 | D:4      | 1053 ||| INVOKING Spit Poison.
  1059 | D:4      | 1059 ||| INVOKING Spit Poison.
  1063 | D:4      | 1063 ||| INVOKING Spit Poison.
  1104 | D:4      | 1104 ||| INVOKING Spit Poison.
  1127 | D:4      | Noticed a phantom
  1140 | D:4      | HP: 8/32 [phantom (4)]
  1141 | D:4      | 1141 ||| READING scroll of teleportation.
  1142 | D:4      | 1142 ||| INVOKING Spit Poison.
  1142 | D:4      | HP: 3/32 [adder (2)]
  1142 | D:4      | Slain by a phantom

Levels and vault maps discovered:
D:1:      tarquinn_simple_flora_water_d, layout_loops_ring, serial_forest,
          infiniplex_forest_end_2, infiniplex_forest_lined_2,
          infiniplex_forest_end_3, infiniplex_forest_clump_double,
          infiniplex_forest_lined_4_way, infiniplex_forest_lined_4_way,
          infiniplex_forest_clump_diagonal, infiniplex_forest_straight_1,
          infiniplex_forest_end_1
D:2:      layout_loops_corners, hangedman_abyss_or_decor_stabs,
          uniq_crazy_yiuf_cottage, uniq_terence
D:4:      layout_rooms, trog_hazing_becter

Skill      XL: |  1 |
---------------+----+-----
Ranged Weapons | 4 |  4.9
Fighting       | |  2.0
Dodging        | |  1.5
Stealth        | |  1.5

Action                     || total
---------------------------++-------
   Fire: Shortbow          ||    63
Ability: Spit Poison       ||    23
    Use: Scroll            ||     4
 Armour: Leather armour    ||     5
  Dodge: Dodged            ||    20

Table legend:
 A = Non-vault XP
 B = Vault XP
 C = Vault XP percentage of total XP
 D = Non-vault monster count
 E = Vault monster count
 F = Vault count percentage of total count
                 A         B        C        D         E       F
            +---------+---------+-------+---------+---------+-------
      Total |      77 |       0 |   0.0 |      34 |       0 |   0.0
            +---------+---------+-------+---------+---------+-------
        D:1 |      43 |       0 |   0.0 |      27 |       0 |   0.0
        D:2 |       2 |       0 |   0.0 |       1 |       0 |   0.0
        D:4 |      32 |       0 |   0.0 |       6 |       0 |   0.0
            +---------+---------+-------+---------+---------+-------
